AoeStats
← Armistice

Arena

510760589Analyzed
3v3 RM · 13h ago on Oct 2, 2026· 37m 48s· 6 players
Game mode
Random Map
Map size
Normal (6 player)
Population
200
Speed
Normal
Resources
Standard
Victory
Conquest
Starting age
Dark Age
Ending age
Imperial Age
RankedLock teamsTeams togetherTeam positionsShared explorationLock speedFull tech treeHidden civsTurbo modeCheats
Victory
Defeat
🇮🇪 Magyars · Ireland
855
+14
🇬🇧 Tupi · United Kingdom
854
+14
🇬🇧 Ethiopians · United Kingdom
853
+14
🇨🇳 Cumans · China
958
-19
🇨🇳 Varangians · China
830
-14
🇨🇳 Chinese · China
662
-9
Market Blockers
11:16 Feudal Age
14:57 Castle Age
13:08 Double-Bit Axe
13:05 Horse Collar
14:27 Wheelbarrow
16:36 Bow Saw
17:07 Heavy Plow
29:19 Imperial Age
27:01 Squires
26:47 Arson
27:44 Hand Cart
27:14 Loom
27:36 Gold Mining
27:45 Stone Mining
28:33 Forging
28:24 Scale Mail Armor
28:12 Gambesons
29:51 Iron Casting
29:21 Elite Varangian Guard
30:09 Town Watch
30:45 Chain Mail Armor
29:53 Capped Ram
31:07 Conscription
30:13 Gothikon
32:28 Blast Furnace
33:32 Siege Ram
34:57 Plate Mail Armor
Gatherer
0:32 Loom
11:23 Feudal Age
12:08 Horse Collar
12:14 Double-Bit Axe
14:58 Castle Age
16:28 Bow Saw
16:19 Heavy Plow
17:12 Wheelbarrow
29:02 Imperial Age
26:52 Hand Cart
27:09 Gold Mining
27:09 Stone Mining
27:39 Fletching
27:49 Padded Archer Armor
28:28 Forging
28:23 Scale Barding Armor
29:32 Stone Shaft Mining
29:32 Gold Shaft Mining
29:32 Stone Shaft Mining
29:32 Gold Shaft Mining
29:18 Leather Archer Armor
28:58 Bodkin Arrow
29:10 Husbandry
29:20 Bloodlines
29:17 Cavalier
32:02 Chain Barding Armor
33:30 Two-Man Saw
33:57 Iron Casting
33:57 Plate Barding Armor
33:24 Bracer
33:54 Ring Archer Armor
34:39 Masonry
34:24 Murder Holes
34:39 Masonry
34:24 Murder Holes
AisakaTaiga
10:26 Feudal Age
11:02 Horse Collar
11:10 Double-Bit Axe
17:20 Wheelbarrow
20:04 Loom
21:21 Gold Mining
21:25 Stone Mining
25:23 Castle Age
25:40 Town Watch
26:51 Hand Cart
29:23 Imperial Age
27:09 Bow Saw
27:01 Heavy Plow
27:58 Gold Shaft Mining
27:27 Fletching
27:37 Padded Archer Armor
28:47 Bloodlines
29:02 Scale Barding Armor
29:24 Steppe Husbandry
30:10 Chain Barding Armor
30:03 Forging
29:34 Elite Steppe Lancer
31:09 Conscription
30:42 Light Cavalry
31:29 Hussar
33:16 Plate Barding Armor
33:22 Iron Casting
36:51 Elite Kipchak
38:39 Blast Furnace
37:39 Bodkin Arrow
37:59 Leather Archer Armor
Kissing Stone
3:47 Loom
10:25 Feudal Age
18:02 Castle Age
16:52 Horse Collar
17:03 Double-Bit Axe
16:53 Champi Runner
17:34 Stone Mining
17:44 Gold Mining
18:17 Scale Mail Armor
18:25 Town Watch
28:17 Heavy Plow
29:52 Wheelbarrow
29:57 Bow Saw
31:38 Treadmill Crane
31:55 Murder Holes
31:36 Pikeman
34:35 Forging
34:41 Chain Mail Armor
36:47 Iron Casting
Maigh Nuad Warrior
4:44 Loom
11:15 Feudal Age
12:33 Double-Bit Axe
12:30 Horse Collar
20:21 Castle Age
18:57 Scale Barding Armor
19:06 Man-at-Arms
20:16 Scale Mail Armor
21:58 Stone Mining
23:54 Corvinian Army
28:18 Bow Saw
28:18 Heavy Plow
28:47 Treadmill Crane
29:18 Masonry
31:13 Gold Mining
32:41 Chain Barding Armor
32:25 Husbandry
32:35 Bloodlines
35:44 Town Watch
36:35 Wheelbarrow
36:38 Gold Shaft Mining
36:54 Fletching
37:06 Murder Holes
37:32 Ballistics
Armistice
3:45 Loom
11:02 Feudal Age
16:39 Castle Age
15:46 Double-Bit Axe
18:16 Town Watch
20:56 Crossbowman
25:06 Squires
26:17 Horse Collar
26:31 Fletching
28:41 Thumb Ring
29:40 Royal Heirs
31:27 Wheelbarrow
30:57 Padded Archer Armor
32:27 Leather Archer Armor
32:08 Bodkin Arrow
32:36 Elite Skirmisher
34:01 Murder Holes
37:31 Fortified Wall
37:32 Masonry
37:44 Ballistics
39:58 Imperial Age
38:36 Forging
38:28 Scale Mail Armor
Connection lost

Rejoining the realm…

Still unreachable

The connection could not be restored.

Session expired

The server has moved on; the page needs a fresh start.